Map: Alcyone LE

Players

LiquidElazer (Elazer) - Winner!

  • Race: Zerg Zerg
  • Spawn Location: 7:00

Mixu

  • Race: Zerg Zerg
  • League: Grandmaster
  • Spawn Location: 1:00

Event: HomeStory Cup XXV

VOD

Have the link to the VOD?

Description

Time

  • Played on: June 22, 2024, 1 p.m.
  • Length: 6:38

All games in this series

Show
View Real Time Build Order
Export as new Build Order

LiquidElazer Zerg - Winner!

Build Orders: Hatch First 

Get SALT Encoding   

  12  0:00  Drone  
  13  0:11  Overlord  
  13  0:16  Drone  
  14  0:30  Drone x2  
  16  0:47  Hatchery  
  15  0:50  Drone  
  15  0:54  Drone  
  17  0:57  Drone  
  17  1:00  Extractor  
  17  1:12  Spawning Pool  
  17  1:16  Drone  
  17  1:19  Drone  
  18  1:27  Drone  
  19  1:38  Drone  
  20  1:48  Drone  
  21  1:59  Queen x2  
  21  2:00  Metabolic Boost  
  25  2:01  Zergling x2  
  25  2:06  Overlord  
  26  2:11  Drone  
  26  2:12  Drone  
  28  2:25  Drone x2  
  30  2:31  Zergling x2  
  30  2:32  Zergling x2  
  32  2:39  Hatchery  
  31  2:44  Overlord  
  31  2:58  Zergling x6  
  34  3:09  Baneling Nest  
  34  3:11  Zergling x12  
  39  3:17  Zergling x4  
  39  3:19  Zergling x2  
  42  3:20  Zergling x2  
  43  3:29  Overlord  
  43  3:33  Drone  
  43  3:43  Drone  
  48  3:48  Drone x7  
  48  3:56  Baneling x6  
  48  3:59  Zergling x4  
  48  4:01  Zergling x2  
  51  4:04  Baneling  
  51  4:12  Drone  
  51  4:13  Drone x2  
  53  4:21  Overlord  
  53  4:22  Drone x5  
  54  4:28  Queen  
  56  4:33  Overlord  
  56  4:35  Drone  
  56  4:38  Extractor  
  56  4:43  Roach Warren  
  56  4:45  Overlord  
  55  4:48  Drone x4  
  59  4:54  Drone x4  
  59  4:57  Drone x2  
  65  5:00  Drone  
  65  5:01  Extractor  
  65  5:04  Drone x3  
  68  5:08  Overlord  
  68  5:18  Overlord  
  67  5:23  Roach x6  
  67  5:26  Roach x2  
  83  5:30  Roach  
  83  5:31  Roach  
  83  5:35  Overlord  
  87  5:37  Extractor, Roach  
  87  5:39  Roach  
  89  5:44  Roach  
  89  5:45  Roach x2  
  89  5:48  Drone x2  
  97  5:53  Overlord  
  97  5:54  Roach  
  97  5:55  Spine Crawler  
  97  5:56  Roach  
  100  6:02  Roach x3  
  102  6:07  Roach x2  
  100  6:14  Roach x4  
  100  6:16  Roach  
Show
View Real Time Build Order
Export as new Build Order

Mixu Zerg 

Build Orders: Hatch First 

Get SALT Encoding   

  12  0:00  Drone  
  13  0:12  Overlord  
  13  0:17  Drone  
  14  0:30  Drone x2  
  16  0:48  Hatchery  
  15  0:53  Drone  
  15  0:55  Drone  
  17  1:01  Drone  
  18  1:07  Extractor  
  17  1:15  Spawning Pool  
  17  1:17  Drone  
  17  1:21  Drone  
  18  1:28  Drone  
  19  1:40  Drone  
  20  1:50  Drone  
  21  2:01  Queen x2  
  21  2:02  Zergling x2, Overlord  
  21  2:08  Metabolic Boost  
  26  2:11  Drone  
  26  2:12  Drone  
  28  2:21  Drone  
  28  2:22  Zergling x2  
  30  2:35  Hatchery  
  30  2:37  Drone  
  30  2:40  Zergling x2  
  31  2:46  Baneling Nest  
  31  2:47  Zergling x2  
  31  2:52  Overlord  
  31  2:56  Drone  
  32  3:01  Drone  
  33  3:11  Drone x2  
  34  3:13  Drone x2  
  34  3:16  Drone x3  
  34  3:17  Drone  
  40  3:20  Zergling x2  
  40  3:23  Overlord  
  41  3:29  Zergling x4  
  41  3:30  Baneling  
  41  3:31  Baneling  
  43  3:40  Zergling x2  
  44  3:41  Overlord  
  44  3:42  Queen  
  44  3:46  Baneling  
  44  3:47  Zergling x4  
  46  3:49  Drone  
  47  3:55  Roach Warren  
  47  3:56  Drone, Extractor  
  47  3:58  Drone  
  47  4:03  Drone  
  47  4:07  Drone  
  49  4:13  Drone  
  49  4:15  Drone x2  
  52  4:19  Zergling x2  
  51  4:26  Overlord  
  51  4:29  Overlord  
  50  4:36  Roach x2  
  54  4:39  Roach  
  54  4:40  Hatchery  
  54  4:45  Roach x2  
  59  4:47  Roach  
  59  4:50  Baneling  
  59  4:51  Roach  
  59  4:52  Roach  
  65  4:57  Roach x3  
  65  4:58  Overlord  
  69  5:01  Roach  
  71  5:07  Roach x2  
  71  5:14  Overlord  
  75  5:21  Roach x3  
  80  5:27  Overlord, Roach  
  82  5:29  Zergling x2  
  82  5:32  Overlord  
  82  5:34  Zergling x2  
  82  5:35  Zergling x2  
  85  5:40  Zergling x6  
  88  5:46  Zergling x2  
  89  5:50  Zergling x2  
  89  5:53  Baneling x3  
  89  5:55  Zergling x4  
  92  5:57  Zergling x2  
  92  5:58  Zergling x6  
  92  6:03  Zergling x2  
  95  6:06  Zergling x2  
  95  6:08  Roach  
  95  6:09  Roach x2  
  89  6:11  Zergling x2  
  89  6:14  Zergling x2  
  89  6:18  Zergling x2  
Tags
 
Add a new tag
Caveats
  • Supply blocks, unpowered buildings, or Contaminate may cause inaccurate times.
  • Supply counts are checked every 10 seconds.